 Dungeon Crawl Stone Soup version 0.21-a0-91-ga5031da (webtiles) character file.

262028 KristoblXynda the Tortoise (level 19, -22/154 HPs)
             Began as a Minotaur Fighter on June 29, 2017.
             Was the Champion of Okawaru.
             Killed from afar by a fire dragon (34 damage)
             ... with a blast of flame
             ... on level 1 of the Vaults.
             The game lasted 02:21:16 (48339 turns).

KristoblXynda the Tortoise (Minotaur Fighter)      Turns: 48339, Time: 02:21:16

Health: -22/154    AC: 41    Str: 25    XL:     19   Next: 59%
Magic:  0/31       EV:  9    Int: 11    God:    Okawaru [******]
Gold:   764        SH: 23    Dex:  9    Spells: 32/36 levels left

rFire    . . .     SeeInvis +   v - +5 scimitar (flame)
rCold    . . .     Gourm    .   c - +5 shield of the Lily {Stlth+}
rNeg     + + .     Faith    .   W - +5 crystal plate armour of the Swan {rN++ Str+6 Dex-3}
rPois    .         Spirit   +   i - +2 hat {SInv}
rElec    +         Reflect  .   g - scarf {repulsion}
rCorr    .         Harm     .   P - +2 pair of gloves of Focus {MR++ Str-2}
MR       +++..                  n - +1 pair of boots
Stlth    ..........             H - amulet of guardian spirit
HPRegen  0.35/turn              F - ring of stealth
MPRegen  0.22/turn              s - +3 ring of protection

@: repel missiles
A: retaliatory headbutt, horns 2, talons 1, large bone plates 1, blink,
electricity resistance, wild magic 2
}: 1/15 runes: barnacled
a: Blink, Heroism, Finesse, Renounce Religion


You were on level 1 of the Vaults.
You worshipped Okawaru.
Okawaru was exalted by your worship.
You were not hungry.

You visited 8 branches of the dungeon, and saw 35 of its levels.
You also visited: Labyrinth and Ice Cave.

You collected 3388 gold pieces.
You spent 2624 gold pieces at shops.

Inventory:

Hand Weapons
 u - a +5 scimitar of holy wrath
 v - a +5 scimitar of flaming (weapon)
 G - a +1 demon blade of venom
Missiles
 A - 15 javelins of penetration (quivered)
 M - 15 throwing nets
 R - 17 silver javelins
Armour
 c - the +5 shield of the Lily (worn) {Stlth+}
   (You found it on level 10 of the Dungeon)

   It makes you more stealthy.
 g - a scarf of repulsion (worn)
 i - a +2 hat of see invisible (worn)
 m - a +2 cloak of poison resistance
 n - a +1 pair of boots (worn)
 P - the +2 pair of gloves of Focus (worn) {MR++ Str-2}
   (Okawaru gifted it to you on level 6 of the Lair of Beasts)

   It affects your strength (-2).
   It affects your resistance to hostile enchantments.
 W - the +5 crystal plate armour of the Swan (worn) {rN++ Str+6 Dex-3}
   (Okawaru gifted it to you on level 1 of the Vaults)

   It affects your strength (+6).
   It affects your dexterity (-3).
   It greatly protects you from negative energy.
Jewellery
 s - a +3 ring of protection (right hand)
 F - a ring of stealth (left hand)
 H - an amulet of guardian spirit (around neck)
Wands
 l - a wand of acid (6/15)
 p - a wand of digging (11/24)
 L - a wand of clouds (6/9)
Scrolls
 d - 14 scrolls of identify
 e - 4 scrolls of remove curse
 j - 2 scrolls of silence
 k - 3 scrolls of recharging
 o - 6 scrolls of teleportation
 t - a scroll of blinking
 z - 5 scrolls of amnesia
 C - 3 scrolls of fog
 O - a scroll of holy word
 S - a scroll of magic mapping
 V - a scroll of brand weapon {unknown}
Potions
 q - a potion of haste
 w - a potion of flight
 B - 4 potions of brilliance
 D - 4 potions of mutation
 E - 5 potions of magic
 I - 6 potions of curing
 N - a potion of invisibility
 T - a potion of agility
 U - a potion of resistance
Books
 r - a book of Power

   Spells                             Type                      Level
   a - Iskenderun's Battlesphere      Conjuration/Charms           5
   b - Venom Bolt                     Conjuration/Poison           5
   c - Bolt of Magma                  Conjuration/Fire/Earth       5
   d - Iron Shot                      Conjuration/Earth            6
   e - Orb of Destruction             Conjuration                  7
   f - Spellforged Servitor           Conjuration/Summoning        7
 J - a book of Unlife

   Spells                             Type                      Level
   a - Recall                         Summoning/Translocation      3
   b - Animate Dead                   Necromancy                   4
   c - Control Undead                 Necromancy                   4
   d - Cigotuvi's Embrace             Necromancy                   5
   e - Death Channel                  Necromancy                   6
   f - Simulacrum                     Ice/Necromancy               6
 Q - a book of Misfortune

   Spells                             Type                      Level
   a - Confusing Touch                Hexes                        1
   b - Confuse                        Hexes                        3
   c - Gell's Gravitas                Translocation                3
   d - Petrify                        Transmutation/Earth          4
   e - Metabolic Englaciation         Hexes/Ice                    5
   f - Yara's Violent Unravelling     Hexes/Transmutation          5
Miscellaneous
 a - a phial of floods
 h - a lightning rod (4/4)
 y - a lamp of fire
Comestibles
 b - 12 meat rations
 f - 4 bread rations


   Skills:
 - Level 10.0 Fighting
 - Level 15.0 Long Blades
 + Level 8.1 Throwing
 + Level 17.0 Armour
 - Level 10.0 Dodging
 - Level 15.2 Shields
 + Level 9.4 Spellcasting
 + Level 10.3 Summonings
 - Level 4.0 Air Magic
 - Level 13.3 Invocations
 - Level 8.0 Evocations


You had 32 spell levels left.
You knew the following spells:

 Your Spells              Type           Power        Failure   Level  Hunger
a - Summon Lightning Spi  Summ/Air       ####....     91%         4    ####...


Dungeon Overview and Level Annotations

Branches:
Dungeon (15/15)            Temple (0/1) D:4            Lair (6/6) D:11
 Shoals (4/4) Lair:2        Snake (4/4) Lair:3        Slime (0/5) Lair:6
    Orc (2/2) D:10            Elf (2/3) Orc:2        Vaults (1/5) D:13
 Depths (1/5) D:15

Altars:
Cheibriados
Elyvilon
Gozag
Makhleb
Okawaru
Qazlal
Trog
Uskayaw
Wu Jian
Xom
Yredelemnul
Jiyva

Shops:
D:5 *   D:7 *   D:12 [*   D:14 *   Orc:2 (:?(   Elf:1 *   Shoals:3 (
Shoals:4 %**   Vaults:1 (

Portals:
Abyss: Depths:1

Annotations:
Elf:2 3 runed doors
Depths:1 Bai Suzhen


Innate Abilities, Weirdness & Mutations

You reflexively headbutt those who attack you in melee.
You have a pair of horns on your head.
You have sharp toenails.
You are partially covered in large bone plates. (SH +4)
You can translocate small distances at will.
You are resistant to electric shocks. (rElec)
Your spells are harder to cast, but more powerful.


Message History

The vault sentinel gestures at you while chanting.
You resist with some effort.
You closely miss the vault sentinel.
Your headbutt misses the vault sentinel.
The vault sentinel is severely wounded.
You slash the vault sentinel! You burn the vault sentinel.
You kill the vault sentinel!
Okawaru accepts your kill.
The deep elf knight points at you and mumbles some strange words.
The shard of ice hits you!
* * * LOW HITPOINT WARNING * * *
You slash the fire dragon! You burn the fire dragon.
You headbutt the fire dragon, but do no damage.
The fire dragon is heavily wounded.
Unknown command.
You slash the fire dragon!
The fire dragon is severely wounded.
The fire dragon breathes flames at you. The blast of flame hits you!
You die...

...# ############ #
)..##############################
.......................(.........
.................................
.................................
.........................(.......
..................D...()(........
##'''###'######D#######p#########
......##........@.##..)e).# ####
......##..........##D..)..# #...
......##..........##......# #...
......##..........##......# #..#
......##..........##......# #.##
......##..........######### ##.#
########..........# ##..#
#..........# #...+ #..........#
##..#


You could see a fire dragon.

Vanquished Creatures
  Rupert (D:14)
  A deep elf blademaster (Snake:3)
  2 titans (Snake:3)
  A kraken (Shoals:3)
  Gastronok (D:9)
  Agnes (Snake:2)
  Ilsuiw (Shoals:4)
  A nagaraja (Snake:2)
  A fire giant (Snake:3)
  2 vault wardens (Vaults:1)
  A deep elf elementalist (Elf:1)
  5 ironheart preservers (Vaults:1)
  Louise (Depths:1)
  3 entropy weavers
  A stone giant (Shoals:3)
  A dire elephant (D:15)
  A deep elf demonologist (Elf:1)
  Azrael (Snake:3)
  A deep elf death mage (Elf:2)
  7 merfolk javelineers
  9 merfolk impalers
  A fire dragon (Vaults:1)
  The ghost of sagitran the Slicer, a journeyman GnWn of Ashenzari (D:12)
  A minotaur (Lab)
  Fannar (D:12)
  Josephine (Lair:6)
  2 deep elf high priests (Elf:1)
  Erolcha (D:12)
  2 vault guards (Vaults:1)
  An alligator snapping turtle (Shoals:2)
  4 yaktaur captains (Vaults:1)
  12 naga warriors
  2 merfolk avatars
  The ghost of Soeti the Covert, a novice NaBe of Trog (D:9)
  4 hydras
  Erica (Lair:2)
  4 centaur warriors
  5 merfolk aquamancers
  2 satyrs (Shoals:3)
  7 anacondas
  11 dancing weapons
  34 two-headed ogres
  A death knight (Vaults:1)
  12 death yaks (Lair:6)
  A queen ant (Lair:4)
  A two-headed ogre (shapeshifter) (D:13)
  A deep troll shaman (Lair:6)
  10 ogre magi
  An alligator (Shoals:1)
  A catoblepas (Lair:6)
  15 naga sharpshooters
  An orc high priest (Elf:1)
  Urug (D:12)
  10 deep elf knights
  5 shock serpents
  2 salamander mystics (Snake:3)
  6 skeletal warriors
  A fire crab (shapeshifter) (Vaults:1)
  12 deep elf archers (Elf:1)
  2 flayed ghosts
  11 sea snakes
  The ghost of KristoblXynda the Carver, a novice DrBe of Trog (D:8)
  A phantasmal warrior (Vaults:1)
  3 unseen horrors (D:15)
  An obsidian statue (D:15)
  An ironbrand convoker (Vaults:1)
  5 naga ritualists
  2 mana vipers (Snake:4)
  3 orc knights
  Pikel (D:6)
  A lindwurm (Lair:5)
  10 harpies
  3 orc sorcerers
  31 deep elf magi
  14 fauns
  2 oklob plants (D:11)
  3 wolf spiders
  5 cyclopes
  A shining eye (shapeshifter) (Elf:2)
  A cyclops (shapeshifter) (D:13)
  12 manticores
  4 elephants
  15 ugly things
  Joseph (D:9)
  10 salamanders
  2 ice statues (IceCv)
  8 merfolk sirens
  The ghost of braks the Spear-Bearer, a novice MfCK of Xom (D:6)
  2 guardian serpents
  A gargoyle (D:15)
  5 vault sentinels (Vaults:1)
  5 water nymphs
  20 naga magi
  30 black mambas
  7 spiny frogs
  2 torpor snails
  A spiny frog (shapeshifter) (D:15)
  6 rime drakes
  A kobold demonologist (D:12)
  8 komodo dragons
  6 yaktaurs (Vaults:1)
  9 ice devils (IceCv)
  A minotaur zombie (Lab)
  7 trolls
  A hornet (shapeshifter) (D:15)
  A hornet (D:8)
  A polar bear (Lair:6)
  A meliai (shapeshifter) (Elf:2)
  A queen bee (Lair:5)
  44 merfolk
  3 meliai (Lair:5)
  10 snapping turtles
  Grinder (D:3)
  A raiju (shapeshifter) (Vaults:1)
  14 hippogriffs
  Prince Ribbit (D:8)
  11 blink frogs
  10 slime creatures
  4 wind drakes (Shoals:2)
  7 dream sheep (Lair:6)
  A redback (Vaults:1)
  An air elemental (Elf:2)
  A shadow (D:14)
  2 vampires
  A tarantella (shapeshifter) (D:13)
  16 water elementals
  41 yaks
  A spriggan (shapeshifter) (Vaults:1)
  5 wraiths
  8 wyverns
  3 fire elementals
  2 basilisks (Lair:5)
  3 vampire mosquitoes
  4 steam dragons
  2 hungry ghosts
  A human simulacrum (Vaults:1)
  2 wargs
  27 soldier ants
  34 nagas
  2 acid dragons
  15 water moccasins
  2 hell hounds (Snake:3)
  4 black bears
  18 orc warriors
  5 phantoms
  3 ice beasts
  2 porcupines
  A hornet zombie (D:11)
  42 ogres
  4 necrophages
  An eye of draining (D:8)
  6 sky beasts
  15 wolves
  10 centaurs
  8 crocodiles
  5 big kobolds
  23 bullfrogs
  2 earth elementals
  4 scorpions
  A troll zombie (D:7)
  A wyvern skeleton (D:15)
  35 killer bees
  16 wights
  6 electric eels
  4 howler monkeys
  5 crimson imps
  A bullfrog zombie (D:9)
  2 centaur zombies
  7 hounds
  4 human zombies (D:7)
  6 jellies
  15 orc priests
  19 orc wizards
  4 bullfrog skeletons
  4 centaur skeletons
  3 human skeletons (D:7)
  5 iguanas
  22 worker ants
  A killer bee zombie (D:6)
  A hound skeleton (D:4)
  A hound zombie (D:8)
  25 adders
  5 shadow imps
  20 white imps
  8 ufetubi (IceCv)
  2 oozes
  2 adder zombies
  An adder skeleton (D:7)
  4 worms
  5 leopard geckos
  86 orcs
  3 ball pythons
  11 bats
  3 giant cockroaches
  6 goblins
  7 hobgoblins
  5 jackals
  15 kobolds
  7 quokkas
  6 frilled lizards
  A jackal zombie (D:7)
  A leopard gecko skeleton (D:4)
  A leopard gecko zombie (D:6)
  A quokka skeleton (D:4)
  10 rats
  2 fungi
  10 plants
1336 creatures vanquished.

Vanquished Creatures (collateral kills)
  3 fauns (Shoals:2)
  A snapping turtle (Shoals:2)
4 creatures vanquished.

Vanquished Creatures (others)
  A reaper (IceCv)
  A vault sentinel (Vaults:1)
  A naga mage (Snake:4)
  2 yaktaurs (Vaults:1)
  2 slaves (D:6)
  2 nagas
  An ogre (D:6)
  A bullfrog (D:6)
  A scorpion (D:9)
  A crimson imp (D:6)
  A jelly (D:12)
  An orc priest (D:6)
  2 orc wizards
  A worker ant (D:9)
  An adder (D:9)
  2 white imps (IceCv)
  2 ufetubi (IceCv)
  A leopard gecko (D:6)
  2 orcs
  A quokka (D:9)
  A bush (Lair:6)
  21 fungi
  48 plants
  8 tentacles (Shoals:3)
105 creatures vanquished.

Grand Total: 1445 creatures vanquished

Notes
Turn   | Place    | Note
-------+----------+-------------------------------------------
     0 | D:1      | KristoblXynda the Minotaur Fighter began the quest for the Orb.
     0 | D:1      | Reached XP level 1. HP: 19/19 MP: 0/0
   129 | D:1      | Reached XP level 2. HP: 22/26 MP: 1/1
   142 | D:1      | Reached skill level 4 in Armour
   492 | D:1      | Reached XP level 3. HP: 31/31 MP: 2/2
  1542 | D:2      | Reached XP level 4. HP: 39/39 MP: 3/3
  1891 | D:2      | Found an iron altar of Okawaru.
  1905 | D:2      | Became a worshipper of Warmaster Okawaru
  2072 | D:3      | Found a stormy altar of Qazlal.
  2101 | D:3      | Reached skill level 5 in Armour
  2145 | D:3      | Reached XP level 5. HP: 45/45 MP: 4/4
  2266 | D:3      | Noticed Grinder
  2276 | D:3      | Paralysed by Grinder for 7 turns
  2284 | D:3      | Killed Grinder
  2284 | D:3      | Reached * piety under Okawaru
  2284 | D:3      | Reached XP level 6. HP: 21/51 MP: 5/5
  2724 | D:4      | Reached skill level 6 in Armour
  2901 | D:4      | Reached XP level 7. HP: 50/57 MP: 6/6
  2923 | D:4      | Found a snail-covered altar of Cheibriados.
  2929 | D:4      | Found an opulent altar of Gozag.
  3147 | D:4      | Found a staircase to the Ecumenical Temple.
  3335 | D:5      | Entered Level 5 of the Dungeon
  3775 | D:5      | Reached skill level 7 in Armour
  3788 | D:5      | Reached XP level 8. HP: 47/64 MP: 7/7
  3803 | D:5      | Found a bloodstained altar of Trog.
  3816 | D:5      | Found Ohainionn's Serpentskin Sales.
  3819 | D:5      | Reached ** piety under Okawaru
  4162 | D:6      | Reached skill level 10 in Long Blades
  4190 | D:6      | Reached skill level 8 in Armour
  4203 | D:6      | Gained mutation: You expend magic power (3 MP) to strengthen your wands. [mutagenic meat]
  4204 | D:6      | Gained mutation: Your mind is acute. (Int +2) [mutagenic meat]
  4205 | D:6      | Gained mutation: You have a pair of large horns on your head. [mutagenic meat]
  4206 | D:6      | Gained mutation: You are resistant to electric shocks. (rElec) [mutagenic meat]
  4207 | D:6      | Lost mutation: You expend magic power (3 MP) to strengthen your wands. [mutagenic meat]
  4208 | D:6      | Gained mutation: Your spells are a little harder to cast, but a little more powerful. [mutagenic meat]
  4246 | D:6      | Noticed Pikel
  4251 | D:6      | Killed Pikel
  4251 | D:6      | Reached *** piety under Okawaru
  4255 | D:6      | Reached XP level 9. HP: 31/70 MP: 8/8
  4532 | D:6      | Noticed braks's ghost (novice MfCK)
  4547 | D:6      | Killed braks's ghost
  4547 | D:6      | Reached skill level 9 in Armour
  4790 | D:6      | Reached **** piety under Okawaru
  4822 | D:6      | Found a hide-covered altar of Uskayaw.
  5329 | D:7      | Reached skill level 1 in Dodging
  5337 | D:7      | Reached skill level 1 in Invocations
  5337 | D:7      | Reached skill level 1 in Evocations
  5390 | D:7      | Found a basalt altar of Yredelemnul.
  5643 | D:7      | Found Saomac's Assorted Antiques.
  5647 | D:7      | Bought a scroll of identify for 52 gold pieces
  5647 | D:7      | Bought a scroll of enchant weapon for 195 gold pieces
  5647 | D:7      | Bought a scroll of identify for 52 gold pieces
  5747 | D:7      | Reached skill level 10 in Armour
  5826 | D:7      | Gained mutation: Your spells are harder to cast, but more powerful. [mutagenic meat]
  5827 | D:7      | Gained mutation: Your movements are slightly less encumbered by armour. (ER -2) [mutagenic meat]
  5828 | D:7      | Gained mutation: Your magical capacity is low. (-10% MP) [mutagenic meat]
  5829 | D:7      | Gained mutation: You can translocate small distances at will. [mutagenic meat]
  5830 | D:7      | Lost mutation: Your mind is acute. (Int +2) [mutagenic meat]
  5848 | D:7      | Reached XP level 10. HP: 67/77 MP: 9/9
  5994 | D:8      | Reached ***** piety under Okawaru
  6000 | D:8      | Found a white marble altar of Elyvilon.
  6762 | D:8      | Noticed KristoblXynda's ghost (novice DrBe)
  6777 | D:8      | Killed KristoblXynda's ghost
  7022 | D:8      | Noticed a two-headed ogre
  7033 | D:8      | Killed a two-headed ogre
  7033 | D:8      | Reached skill level 5 in Dodging
  7091 | D:8      | Noticed a two-headed ogre
  7098 | D:8      | Killed a two-headed ogre
  7098 | D:8      | Received a gift from Okawaru
  7098 | D:8      | Reached skill level 11 in Armour
  7098 | D:8      | Reached skill level 5 in Invocations
  7309 | D:8      | Noticed Prince Ribbit
  7314 | D:8      | Killed Prince Ribbit
  8034 | D:9      | Reached XP level 11. HP: 75/82 MP: 12/12
  8038 | D:9      | Reached skill level 5 in Evocations
  8084 | D:9      | Noticed Soeti's ghost (novice NaBe)
  8116 | D:9      | Killed Soeti's ghost
  8135 | D:9      | Found a shimmering altar of Xom.
  8162 | D:9      | Lost mutation: You have a pair of large horns on your head. [mutagenic meat]
  8163 | D:9      | Gained mutation: You have sharp toenails. [mutagenic meat]
  8177 | D:9      | Noticed Gastronok
  8193 | D:9      | Killed Gastronok
  8297 | D:9      | Noticed Joseph
  8333 | D:9      | Killed Joseph
  8444 | D:9      | Reached ****** piety under Okawaru
  8696 | D:10     | Entered Level 10 of the Dungeon
  8727 | D:10     | Found a staircase to the Orcish Mines.
  8835 | D:10     | Got an encrusted shield
  8841 | D:10     | Identified the +5 shield of the Lily {Stlth+} (You found it on level 10 of the Dungeon)
  9207 | D:10     | Reached skill level 12 in Armour
  9547 | D:11     | Gained mutation: You are partially covered in large bone plates. (SH +4) [mutagenic meat]
  9550 | D:11     | Lost mutation: Your magical capacity is low. (-10% MP) [mutagenic meat]
  9551 | D:11     | Lost mutation: Your movements are slightly less encumbered by armour. (ER -2) [mutagenic meat]
  9814 | D:11     | Reached skill level 5 in Shields
  9913 | D:11     | Noticed a two-headed ogre
  9920 | D:11     | Received a gift from Okawaru
  9929 | D:11     | Killed a two-headed ogre
  9996 | D:11     | Found a staircase to the Lair.
  9997 | D:11     | Noticed an oklob plant
 10000 | D:11     | Noticed an oklob plant
 10027 | D:11     | Noticed a green ugly thing
 10039 | D:11     | Killed a green ugly thing
 10231 | D:11     | Reached XP level 12. HP: 72/90 MP: 16/16
 10314 | D:12     | Found Ritsik's Antique Armour Shoppe.
 10314 | D:12     | Noticed Fannar
 10339 | D:12     | Killed Fannar
 10542 | D:12     | Bought a scorched chain mail for 266 gold pieces
 10563 | D:12     | Identified the +7 chain mail of Xosharu {+Fly rF- Slay+2} (You bought it in a shop on level 12 of the Dungeon)
 10568 | D:12     | Received a gift from Okawaru
 10699 | D:12     | Noticed a two-headed ogre
 10723 | D:12     | Killed a two-headed ogre
 10723 | D:12     | Reached skill level 13 in Armour
 10887 | D:12     | Noticed Urug
 10889 | D:12     | Found Qaddec's Demolitions Depot.
 10914 | D:12     | Killed Urug
 11314 | D:12     | Noticed Erolcha
 11321 | D:12     | Killed Erolcha
 11668 | D:12     | Noticed sagitran's ghost (journeyman GnWn)
 11680 | D:12     | Noticed a two-headed ogre
 11717 | D:12     | Killed sagitran's ghost
 11742 | D:12     | Killed a two-headed ogre
 12480 | D:13     | Noticed a two-headed ogre
 12480 | D:13     | a salamander changed into a two-headed ogre
 12488 | D:13     | Killed a two-headed ogre
 12635 | D:13     | Reached skill level 14 in Armour
 12685 | D:13     | Found a gate to the Vaults.
 12705 | D:13     | Reached skill level 5 in Fighting
 12767 | D:13     | Noticed a two-headed ogre
 12775 | D:13     | Killed a two-headed ogre
 12775 | D:13     | Reached XP level 13. HP: 98/100 MP: 18/18
 13436 | D:13     | Received a gift from Okawaru
 13439 | D:13     | Got a sapphire double sword {god gift}
 13440 | D:13     | Identified the +1 double sword of Opneub {pain, rF+ rC+ Str+3} (Okawaru gifted it to you on level 13 of the Dungeon)
 13641 | D:14     | Found Hedec's Wicked Wares.
 13642 | D:14     | Found a burning altar of Makhleb.
 13722 | D:14     | Identified a scroll of acquirement
 13885 | D:14     | Reached skill level 10 in Shields
 14259 | D:14     | Noticed Rupert
 14284 | D:14     | Paralysed by Rupert for 5 turns
 14291 | D:14     | Killed Rupert
 14598 | D:14     | Received a gift from Okawaru
 14918 | D:14     | Found an ornate altar of the Wu Jian Council.
 14992 | D:15     | Entered Level 15 of the Dungeon
 15244 | D:15     | Found a staircase to the Depths.
 15244 | D:15     | Noticed a dire elephant
 15536 | D:15     | Killed a dire elephant
 15574 | D:15     | Found a basalt altar of Yredelemnul.
 15834 | D:15     | Reached skill level 15 in Armour
 17410 | Depths:1 | Entered Level 1 of the Depths
 17593 | D:15     | Reached XP level 14. HP: 102/116 MP: 16/19
 17619 | D:15     | Received a gift from Okawaru
 17690 | Depths:1 | Found a one-way gate to the infinite horrors of the Abyss.
 17691 | Depths:1 | Noticed Louise
 17705 | Depths:1 | Killed Louise
 17795 | Depths:1 | Noticed Bai Suzhen
 18362 | Lair:1   | Entered Level 1 of the Lair of Beasts
 18785 | Lair:1   | Learned a level 4 spell: Summon Lightning Spire
 19618 | Lair:2   | Found a labyrinth entrance.
 19624 | Lair:2   | Noticed Erica
 19628 | Lab      | Entered a labyrinth
 20588 | Lair:2   | Killed Erica
 20948 | Lair:2   | Found a staircase to the Shoals.
 21716 | Lair:3   | Found a staircase to the Snake Pit.
 21971 | Lair:3   | Reached skill level 15 in Long Blades
 22185 | Lair:3   | Reached skill level 10 in Fighting
 22399 | Lair:4   | Noticed an entropy weaver
 22464 | Lair:4   | Killed an entropy weaver
 22472 | Lair:4   | Reached skill level 1 in Summonings
 22540 | Lair:4   | Reached skill level 1 in Spellcasting
 22577 | Lair:4   | Received a gift from Okawaru
 22620 | Lair:4   | Noticed an entropy weaver
 22661 | Lair:4   | Found a frozen archway.
 22686 | Lair:4   | Killed an entropy weaver
 22728 | IceCv    | Entered an ice cave
 22874 | IceCv    | Killed a reaper
 24477 | Lair:5   | Reached XP level 15. HP: 126/126 MP: 20/20
 24679 | Lair:5   | Received a gift from Okawaru
 25204 | Lair:6   | Entered Level 6 of the Lair of Beasts
 25243 | Lair:6   | Found a staircase to the Slime Pits.
 25250 | Lair:6   | Found a viscous altar of Jiyva.
 25393 | Lair:6   | Noticed Josephine
 25405 | Lair:6   | Killed Josephine
 25554 | Lair:6   | Received a gift from Okawaru
 25577 | Lair:6   | Got a pair of polished gloves {god gift}
 25588 | Lair:6   | Identified the +2 pair of gloves of Focus {MR++ Str-2} (Okawaru gifted it to you on level 6 of the Lair of Beasts)
 26185 | Lair:6   | Reached skill level 10 in Invocations
 27087 | Orc:1    | Entered Level 1 of the Orcish Mines
 27448 | Orc:2    | Entered Level 2 of the Orcish Mines
 27697 | Orc:2    | Received a gift from Okawaru
 27700 | Orc:2    | Reached skill level 5 in Summonings
 27704 | Orc:2    | Reached XP level 16. HP: 37/134 MP: 6/22
 27913 | Orc:2    | Found Cecoikoask's Weapon Emporium.
 27913 | Orc:2    | Found Nyxawk's Book Shop.
 27915 | Orc:2    | Found Cejoick's Magic Scroll Shop.
 27915 | Orc:2    | Found Lych's Antique Weapon Shoppe.
 28085 | Orc:2    | Found a staircase to the Elven Halls.
 28514 | Orc:2    | Bought a scroll of recharging for 133 gold pieces
 28514 | Orc:2    | Bought a scroll of recharging for 133 gold pieces
 28514 | Orc:2    | Bought a scroll of recharging for 133 gold pieces
 28953 | Elf:1    | Entered Level 1 of the Elven Halls
 29252 | Elf:1    | Reached skill level 5 in Spellcasting
 29434 | Elf:1    | Reached skill level 15 in Shields
 29569 | Elf:1    | Received a gift from Okawaru
 30006 | Elf:1    | Found Liunt's General Store.
 30012 | Elf:1    | Bought a lamp of fire for 800 gold pieces
 31075 | Elf:2    | Received a gift from Okawaru
 31600 | Elf:2    | Found a runed gate.
 31600 | Elf:2    | Found a runed gate.
 31600 | Elf:2    | Found a runed gate.
 32602 | Snake:1  | Entered Level 1 of the Snake Pit
 32629 | Snake:1  | Reached XP level 17. HP: 130/140 MP: 25/25
 34198 | Snake:2  | Noticed Agnes
 34222 | Snake:2  | Killed Agnes
 34777 | Snake:2  | Received a gift from Okawaru
 35587 | Shoals:1 | Entered Level 1 of the Shoals
 36979 | Shoals:2 | Reached skill level 10 in Dodging
 37144 | Shoals:2 | Received a gift from Okawaru
 37373 | Shoals:2 | Reached skill level 1 in Air Magic
 37388 | Shoals:2 | HP: 4/140 [water nymph/the raging water (13)]
 38520 | Shoals:3 | Reached skill level 1 in Throwing
 38676 | Shoals:3 | Noticed a kraken
 38699 | Shoals:3 | Reached XP level 18. HP: 82/147 MP: 18/28
 39418 | Shoals:3 | Found Basegil's Antique Weapon Boutique.
 39882 | Shoals:4 | Entered Level 4 of the Shoals
 39882 | Shoals:4 | Noticed Ilsuiw
 39901 | Shoals:4 | Received a gift from Okawaru
 40226 | Shoals:4 | Found Foboeb's Assorted Antiques.
 40235 | Shoals:4 | Found Jihuakhly's Food Emporium.
 40260 | Shoals:4 | Killed Ilsuiw
 40375 | Shoals:4 | Bought a scroll of immolation for 80 gold pieces
 40382 | Shoals:4 | Received a gift from Okawaru
 40811 | Shoals:4 | Found Yhezegg's Assorted Antiques.
 41126 | Shoals:4 | Received a gift from Okawaru
 41149 | Shoals:4 | Got a barnacled rune of Zot
 41350 | Shoals:4 | Bought a runed plate armour for 780 gold pieces
 41668 | Lair:3   | Received a gift from Okawaru
 41861 | Snake:2  | Received a gift from Okawaru
 42051 | Snake:3  | Reached skill level 5 in Throwing
 43426 | Snake:3  | Noticed Azrael
 43450 | Snake:3  | Killed Azrael
 43684 | Snake:4  | Entered Level 4 of the Snake Pit
 43749 | Snake:4  | Reached skill level 16 in Armour
 44341 | Snake:4  | Was placed under penance by Okawaru
 45697 | Snake:4  | Was forgiven by Okawaru
 46080 | Snake:3  | Reached XP level 19. HP: 147/154 MP: 28/30
 46458 | Vaults:1 | Entered Level 1 of the Vaults
 46580 | Vaults:1 | Found Nonu's Weapon Boutique.
 46801 | Vaults:1 | Received a gift from Okawaru
 47036 | Vaults:1 | Received a gift from Okawaru
 47049 | Vaults:1 | Got a jewelled crystal plate armour {god gift}
 47060 | Vaults:1 | Identified the +5 crystal plate armour of the Swan {rN++ Str+6 Dex-3} (Okawaru gifted it to you on level 1 of the Vaults)
 47112 | Vaults:1 | Reached skill level 10 in Summonings
 48250 | Vaults:1 | Reached skill level 17 in Armour
 48339 | Vaults:1 | Killed from afar by a fire dragon

Vault maps used:
D:1:      kennysheep_arrival_forest, st_stairs_10
D:2:      lemuel_coloured_pillars_altar
D:3:      overflow_temple_1_default, uniq_grinder
D:4:      minitemple, minmay_temple_entry_fiery, first_bread
D:5:      lemuel_crystal_altar, minmay_misc_feat_four_crosses,
          guppyfry_shop_venom
D:6:      marbit_many_paths, st_stairs_11, uniq_pikel
D:7:      lemuel_mausoleum_altar_yredelemnul, serial_shops, nicolae_shop_trees
D:8:      elyvilon_altar_5, uniq_prince_ribbit1
D:9:      xom_confusion_cloud, grunt_ogre_cave, uniq_joseph, uniq_gastronok
D:10:     orc_0_dummy
D:11:     dpeg_oklobed_lair, eino_small_chamber_without_monster
D:12:     serial_shops, shop, serial_bayou, serial_bayou_shore_a,
          serial_bayou_pond_d, serial_bayou_lagoon_a, serial_bayou_ford_a,
          minivault_19, nicolae_blasting_shop, uniq_urug, uniq_fannar,
          uniq_erolcha
D:13:     david_vaults_2
D:14:     basic_altar, dk_noncrumbling_2, st_stairs_9, minivault_14,
          nicolae_evil_shop, uniq_rupert
D:15:     hangedman_depths_entry_try_elsewhere_first, old_standard_altar,
          minmay_statue_bubble
Lair:1:   beast_lair_carwin_4
Lair:2:   elwin_shoals_entry_stream, lab_entry_generic, wad_woods_road_03,
          serial_bayou_crossing, uniq_erica
Lair:3:   minmay_snake_entry_six_corridors
Lair:4:   portal_ice_cave_entry_imps, minivault_29
Lair:5:   regret_index_tunnel_blossom
Lair:6:   grunt_lair_end_beastmaster, slime_altar_1, uniq_josephine
Shoals:1: nicolae_shoals_siren_and_animal_friends
Shoals:2: cheibrodos_shoals_baths, nicolae_shoals_drake_roost
Shoals:3: serial_shops, nicolae_shop_overgrown_old_shop,
          hangedman_shoals_cup_caves
Shoals:4: shoals_end_simple, shoal_ilsuiw, serial_shops, shop,
          nicolae_shop_waterfront, nicolae_shop_waterfront,
          nicolae_shop_statue_plus, shop, nicolae_shoals_wave_tunnel
Snake:2:  uniq_agnes
Snake:3:  spider_trap, nicolae_coiled_stairwell_down, uniq_azrael
Snake:4:  minmay_snake_end_coiled
Orc:1:    cheibrodos_orc_arena
Orc:2:    st_orc_ogre_mass
Elf:1:    eino_elf_arrival_shootout, serial_shops, nicolae_shop_statue_plus,
          orc_legates
Elf:2:    basic_loot_grate_trap, nooodl_food_tri, lemuel_elevator
Vaults:1: vaults_room_semicircle, v_pattern_4, v_misc_1,
          nicolae_vaults_triangles, v_misc_15, ontoclasm_vaults_twist,
          hangedman_vaults_hat, dpeg_vaults_monster_box, ontoclasm_vaults_pinch,
          vaults_room_grunt_arrival_ludios, serial_shops, shop
Depths:1: nicolae_abyss_entry_one_way_or_another, pf_coc_iceberg,
          hangedman_decor_riveting, sword_in_stone, serial_bayou_shore_b,
          uniq_bai_suzhen
Lab:      labyrinth_hidden_loot, labyrinth_skeletal_remains
IceCv:    ice_cave_small_demon

Skill      XL: |  1  2  3  4  5  6  7  8  9 10 11 12 13 14 15 16 17 18 19 |
---------------+----------------------------------------------------------+-----
Shields        | 4 6 9 11 13 14 15 | 15.2
Armour         | 4 5 6 7 8 10 11 12 14 15 16 17 | 17.0
Long Blades    | 3 4 6 7 9 11 12 14 15 | 15.0
Dodging        | 3 6 7 8 10 | 10.0
Invocations    | 2 5 7 8 10 12 13 | 13.3
Evocations     | 2 4 6 8 |  8.0
Fighting       | 5 8 10 | 10.0
Summonings     | 2 5 7 8 9 10 | 10.3
Spellcasting   | 2 4 6 7 8 9 |  9.4
Air Magic      | 2 4 |  4.0
Throwing       | 1 6 8 |  8.1

Action                   |  1- 3 |  4- 6 |  7- 9 | 10-12 | 13-15 | 16-18 | 19-21 || total
-------------------------+-------+-------+-------+-------+-------+-------+-------++-------
Melee: Long sword        |   103 |       |   241 |   677 |   578 |       |       ||  1599
       Headbutt          |    14 |    14 |    62 |   162 |   478 |   544 |   172 ||  1446
       Great sword       |    21 |    87 |    63 |       |       |       |       ||   171
       Scimitar          |       |       |       |   108 |  1259 |  2735 |   558 ||  4660
       Double sword      |       |       |       |       |    18 |       |       ||    18
Throw: Javelin           |       |       |       |       |       |     6 |       ||     6
Invok: Finesse           |       |       |       |       |     1 |       |       ||     1
Evoke: Wand              |       |       |       |     1 |     9 |     5 |       ||    15
       Lightning rod     |       |       |       |       |     2 |    10 |       ||    12
       Phial of floods   |       |       |       |       |       |     3 |       ||     3
       Lamp of fire      |       |       |       |       |       |     2 |       ||     2
  Use: Potion            |       |     1 |     2 |     8 |     9 |    16 |     2 ||    38
       Scroll            |       |     8 |     6 |    12 |    26 |    18 |     2 ||    72
 Stab: Invisible         |       |       |       |    20 |     3 |       |       ||    23
       Confused          |       |       |       |       |     1 |       |       ||     1
  Eat: Chunk             |     2 |     3 |    16 |    18 |    14 |    14 |       ||    67
       Royal jelly       |       |     1 |     2 |     3 |     3 |     5 |       ||    14
       Fruit             |       |       |     1 |     3 |     3 |     2 |       ||     9
       Bread ration      |       |       |       |     1 |     5 |     7 |       ||    13
       Meat ration       |       |       |       |       |     1 |     1 |     2 ||     4
Armor: Scale mail        |    45 |       |       |       |       |       |       ||    45
       Chain mail        |    43 |    79 |   177 |   232 |   494 |   775 |       ||  1800
       Skin              |       |       |       |    13 |       |       |       ||    13
       Plate armour      |       |       |       |       |       |   141 |    56 ||   197
       Crystal plate arm |       |       |       |       |       |       |   218 ||   218
Dodge: Dodged            |    32 |    46 |   107 |   188 |   370 |   732 |   126 ||  1601
       Deflected         |       |       |     4 |     5 |    20 |   115 |     5 ||   149
Block: Shield            |    60 |       |       |   399 |  1686 |  3150 |   708 ||  6003
       Rpst.: Long sword |    10 |       |    18 |    52 |     7 |       |       ||    87
       Great sword       |     2 |    15 |     8 |       |       |       |       ||    25
       Scimitar          |       |       |       |     6 |    76 |   143 |    33 ||   258
       Double sword      |       |       |       |       |     1 |       |       ||     1
